IL
ROCHESTER RED WINGS @ TIDEWATER TIDES
08/13/1982
 
TOP OF THE 1ST
Rochester Red Wings batting - Pitching for Tidewater Tides : RHP Bill Long
Pitching: RHP Bill Long
Batting: RHB Johnnie LeMaster 0-0: Ball
1-0: Fly out, F9 (Flyball, 89S, EV 94.4 MPH)
Batting: LHB Ed Amelung 0-0: Ball
1-0: Ground out 4-3 (Groundball, 4S, EV 91.3 MPH)
Batting: SHB Jordan Ayala 0-0: Ball
1-0: Fly out, F7 (Flyball, 78M, EV 85.0 MPH)
Top of the 1st over - 0 runs, 0 hits, 0 errors, 0 left on base; Rochester 0 - Tidewater 0
BOTTOM OF THE 1ST
Tidewater Tides batting - Pitching for Rochester Red Wings : RHP Mike Moore
Pitching: RHP Mike Moore
Batting: RHB Anthony Lachowetz 0-0: Swinging Strike
0-1: Ball
1-1: Fly out, F9 (Flyball, 9, EV 82.5 MPH)
Batting: RHB German Rivera 0-0: Ball
1-0: Ball
2-0: Ground out 4-3 (Groundball, 4, EV 83.1 MPH)
Batting: RHB Brad Komminsk 0-0: Swinging Strike
0-1: Ball
1-1: Foul Ball, location: 2F
1-2: Strikes out swinging
Bottom of the 1st over - 0 runs, 0 hits, 0 errors, 0 left on base; Rochester 0 - Tidewater 0
TOP OF THE 2ND
Rochester Red Wings batting - Pitching for Tidewater Tides : RHP Bill Long
Batting: RHB Gerry Davis 0-0: Ball
1-0: Ball
2-0: Swinging Strike
2-1: Ball
3-1: Foul Ball, location: 2F
3-2: Strikes out looking
Batting: LHB Sid Bream 0-0: Ball
1-0: Ball
2-0: SINGLE (Line Drive, 8RS, EV 105.6 MPH)
Batting: RHB Joe Carter 0-0: Called Strike
0-1: Fly out, F2 (Popup, 23F, EV 91.3 MPH)
Batting: RHB Tom Brookens 0-0: Fly out, F9 (Flyball, 9LS, EV 85.6 MPH)
Top of the 2nd over - 0 runs, 1 hit, 0 errors, 1 left on base; Rochester 0 - Tidewater 0
BOTTOM OF THE 2ND
Tidewater Tides batting - Pitching for Rochester Red Wings : RHP Mike Moore
Batting: LHB Dave Kable 0-0: Called Strike
0-1: Foul Ball, location: 2F
0-2: Strikes out swinging
Batting: RHB Mike Rex 0-0: Ground out 4-3 (Groundball, 4M, EV 89.4 MPH)
Batting: RHB George Gomez 0-0: Ball
1-0: Ball
2-0: Foul Ball, location: 2F
2-1: Foul Ball, location: 2F
2-2: Foul Ball, location: 2F
2-2: Foul Ball, location: 2F
2-2: Ground out U3 (Groundball, 3, EV 87.5 MPH)
Bottom of the 2nd over - 0 runs, 0 hits, 0 errors, 0 left on base; Rochester 0 - Tidewater 0
TOP OF THE 3RD
Rochester Red Wings batting - Pitching for Tidewater Tides : RHP Bill Long
Batting: RHB Jerry Dybzinski 0-0: Called Strike
0-1: Ball
1-1: Foul Ball, location: 2F
1-2: Ball
2-2: Ground out 4-3 (Groundball, 4, EV 86.9 MPH)
Batting: RHB Edwin Agudelo 0-0: Ball
1-0: Foul Ball, location: 2F
1-1: Ball
2-1: Fly out, F7 (Flyball, 7LS, EV 85.0 MPH)
Batting: RHB Johnnie LeMaster 0-0: Ball
1-0: Fly out, F3 (Popup, 3SF, EV 76.9 MPH)
Top of the 3rd over - 0 runs, 0 hits, 0 errors, 0 left on base; Rochester 0 - Tidewater 0
BOTTOM OF THE 3RD
Tidewater Tides batting - Pitching for Rochester Red Wings : RHP Mike Moore
Batting: RHB Thomas Walker 0-0: Ball
1-0: Ball
2-0: Called Strike
2-1: Fly out, F9 (Flyball, 89D, EV 88.8 MPH)
Batting: SHB Julio Valdez 0-0: Called Strike
0-1: Ball
1-1: Fly out, F8 (Flyball, 8LXD, EV 103.1 MPH)
Batting: RHB Steve Liddle 0-0: Ball
1-0: Ball
2-0: Foul Ball, location: 2F
2-1: Swinging Strike
2-2: Fly out, F6 (Line Drive, 6, EV 71.9 MPH)
Bottom of the 3rd over - 0 runs, 0 hits, 0 errors, 0 left on base; Rochester 0 - Tidewater 0
TOP OF THE 4TH
Rochester Red Wings batting - Pitching for Tidewater Tides : RHP Bill Long
Batting: LHB Ed Amelung 0-0: Called Strike
0-1: SINGLE (Line Drive, 34D, EV 106.3 MPH)
Batting: SHB Jordan Ayala 0-0: Called Strike
0-1: Ball
1-1: Foul Ball, location: 2F
1-2: Ball
2-2: Fielders Choice at 2nd, 6-4 (Groundball, 6, EV 109.4 MPH)
Batting: RHB Gerry Davis 0-0: Ball
Jordan Ayala steals 2nd base
1-0: Swinging Strike
1-1: Swinging Strike
1-2: Ball
2-2: Strikes out swinging
Batting: LHB Sid Bream 0-0: Called Strike
0-1: Foul Ball, location: 2F
0-2: Ball
1-2: Fly out, F6 (Flyball, 56D, EV 73.1 MPH)
Top of the 4th over - 0 runs, 1 hit, 0 errors, 1 left on base; Rochester 0 - Tidewater 0
BOTTOM OF THE 4TH
Tidewater Tides batting - Pitching for Rochester Red Wings : RHP Mike Moore
Batting: RHB Anthony Lachowetz 0-0: Ball
1-0: Foul Ball, location: 2F
1-1: Called Strike
1-2: Ball
2-2: Ball
3-2: Strikes out swinging
Batting: RHB German Rivera 0-0: Foul Ball, location: 2F
0-1: Swinging Strike
0-2: Ball
1-2: Foul Ball, location: 2F
1-2: SINGLE (Line Drive, 4MD, EV 99.4 MPH)
Batting: RHB Brad Komminsk 0-0: Ball
1-0: Ball
2-0: Ball
3-0: Called Strike
3-1: Called Strike
3-2: Base on Balls
German Rivera to second
Batting: LHB Dave Kable 0-0: Ball
1-0: Swinging Strike
1-1: Foul Ball, location: 2F
1-2: TRIPLE (Flyball, 89XD, EV 99.4 MPH)
German Rivera scores
Brad Komminsk scores
Batting: RHB Mike Rex 0-0: Ball
1-0: Ball
2-0: Foul Ball, location: 2F
2-1: Foul Ball, location: 2F
2-2: Foul Ball, location: 2F
2-2: SINGLE (Groundball, 34D, EV 108.1 MPH)
Dave Kable scores
Batting: RHB George Gomez 0-0: Swinging Strike
0-1: Ball
1-1: Ball
2-1: Ball
3-1: Called Strike
3-2: Foul Ball, location: 2F
3-2: Strikes out looking
Mike Rex steals 2nd base
Batter strikes out.
Batting: RHB Thomas Walker 0-0: Fly out, F8 (Flyball, 8LM, EV 90.6 MPH)
Bottom of the 4th over - 3 runs, 3 hits, 0 errors, 1 left on base; Rochester 0 - Tidewater 3
TOP OF THE 5TH
Rochester Red Wings batting - Pitching for Tidewater Tides : RHP Bill Long
Batting: RHB Joe Carter 0-0: Ball
1-0: Called Strike
1-1: Ball
2-1: Swinging Strike
2-2: Strikes out looking
Batting: RHB Tom Brookens 0-0: SINGLE (Groundball, 6MD, EV 94.4 MPH)
Batting: RHB Jerry Dybzinski 0-0: Called Strike
0-1: Ball
Tom Brookens steals 2nd base
1-1: Ball
2-1: Ball
3-1: SINGLE (Line Drive, 78S, EV 88.8 MPH)
Tom Brookens to third
Runner from 3rd tries for Home, SAFE, throw by LF to home
Batting: RHB Edwin Agudelo 0-0: Ball
Wild Pitch!
Jerry Dybzinski to second
1-0: Ball
2-0: SINGLE (Groundball, 6MD, EV 96.3 MPH)
Jerry Dybzinski to third
Runner from 3rd tries for Home, SAFE, throw by CF to home
Batting: RHB Johnnie LeMaster 0-0: Ball
1-0: Ball
2-0: Bunt missed!
2-1: Ground out U3 (Groundball, 23, EV 83.1 MPH)
Edwin Agudelo to second
Batting: LHB Ed Amelung 0-0: Ball
1-0: Fly out, F7 (Flyball, 7D, EV 83.8 MPH)
Top of the 5th over - 2 runs, 3 hits, 0 errors, 1 left on base; Rochester 2 - Tidewater 3
BOTTOM OF THE 5TH
Tidewater Tides batting - Pitching for Rochester Red Wings : RHP Mike Moore
Batting: SHB Julio Valdez 0-0: Ball
1-0: Ground out 6-3 (Groundball, 56, EV 101.9 MPH)
Batting: RHB Steve Liddle 0-0: Ball
1-0: Ball
2-0: Ground out 6-3 (Groundball, 6, EV 105.6 MPH)
Batting: RHB Anthony Lachowetz 0-0: Ball
1-0: Foul Ball, location: 2F
1-1: Fly out, F1 (Line Drive, P, EV 65.0 MPH)
Bottom of the 5th over - 0 runs, 0 hits, 0 errors, 0 left on base; Rochester 2 - Tidewater 3
TOP OF THE 6TH
Rochester Red Wings batting - Pitching for Tidewater Tides : RHP Bill Long
Batting: SHB Jordan Ayala 0-0: Called Strike
0-1: Ball
1-1: Foul Ball, location: 2F
1-2: Foul Ball, location: 2F
1-2: Ball
2-2: Fly out, F5 (Popup, 56, EV 65.6 MPH)
Batting: RHB Gerry Davis 0-0: Fly out, F9 (Flyball, 9LM, EV 92.5 MPH)
Batting: LHB Sid Bream 0-0: Ball
1-0: Ball
2-0: Called Strike
2-1: Foul Ball, location: 2F
2-2: SINGLE (Groundball, 4M, EV 110.6 MPH) (infield hit)
Batting: RHB Joe Carter 0-0: Ball
1-0: Ball
2-0: Called Strike
2-1: Foul Ball, location: 2F
2-2: Ball
3-2: DOUBLE (Groundball, 5L, EV 108.8 MPH)
Sid Bream to third
Sid Bream scores
Batting: RHB Tom Brookens 0-0: SINGLE (Groundball, 34S, EV 68.1 MPH) (infield hit)
Joe Carter to third
Batting: RHB Jerry Dybzinski 0-0: Called Strike
0-1: Ball
1-1: Called Strike
1-2: Strikes out swinging
Top of the 6th over - 1 run, 3 hits, 0 errors, 2 left on base; Rochester 3 - Tidewater 3
BOTTOM OF THE 6TH
Tidewater Tides batting - Pitching for Rochester Red Wings : RHP Mike Moore
Batting: RHB German Rivera 0-0: Ground out 3-1 (Groundball, 34, EV 86.9 MPH)
Batting: RHB Brad Komminsk 0-0: Ball
1-0: Ball
2-0: Ball
3-0: Called Strike
3-1: Base on Balls
Batting: LHB Dave Kable 0-0: Called Strike
0-1: Ball
1-1: Ball
2-1: Foul Ball, location: 2F
2-2: Foul Ball, location: 2F
2-2: Foul Ball, location: 2F
2-2: Strikes out swinging
Batting: RHB Mike Rex 0-0: Called Strike
0-1: Ball
1-1: Ball
2-1: Ground out 4-3 (Groundball, 4, EV 86.3 MPH)
Bottom of the 6th over - 0 runs, 0 hits, 0 errors, 1 left on base; Rochester 3 - Tidewater 3
TOP OF THE 7TH
Rochester Red Wings batting - Pitching for Tidewater Tides : RHP Bill Long
Batting: RHB Edwin Agudelo 0-0: Called Strike
0-1: Foul Ball, location: 2F
0-2: Foul Ball, location: 2F
0-2: Ground out 4-3 (Groundball, 4, EV 90.0 MPH)
Batting: RHB Johnnie LeMaster 0-0: SINGLE (Line Drive, 34D, EV 99.4 MPH)
Batting: LHB Ed Amelung 0-0: Ball
1-0: Ball
Johnnie LeMaster is caught stealing 2nd base 2-6
2-0: Called Strike
2-1: Foul Ball, location: 2F
2-2: Strikes out looking
Top of the 7th over - 0 runs, 1 hit, 0 errors, 0 left on base; Rochester 3 - Tidewater 3
BOTTOM OF THE 7TH
Tidewater Tides batting - Pitching for Rochester Red Wings : RHP Mike Moore
Batting: RHB George Gomez 0-0: Called Strike
0-1: Fly out, F8 (Flyball, 89S, EV 93.8 MPH)
Batting: RHB Thomas Walker 0-0: Called Strike
0-1: Reached on error, E8 (Flyball, 8LS, EV 80.6 MPH)
Batting: SHB Julio Valdez 0-0: Called Strike
0-1: Foul Ball, location: 2F
0-2: Fly out, F9 (Flyball, 89D, EV 78.1 MPH)
Batting: RHB Steve Liddle 0-0: Ball
1-0: Called Strike
1-1: Foul Ball, location: 2F
1-2: Fielders Choice at 2nd, 5-4 (Groundball, 5, EV 89.4 MPH)
Bottom of the 7th over - 0 runs, 0 hits, 1 error, 1 left on base; Rochester 3 - Tidewater 3
TOP OF THE 8TH
Rochester Red Wings batting - Pitching for Tidewater Tides : RHP Bill Long
Batting: SHB Jordan Ayala 0-0: Ground out U3 (Groundball, 3, EV 108.8 MPH)
Batting: RHB Gerry Davis 0-0: Ball
1-0: Called Strike
1-1: Foul Ball, location: 2F
1-2: DOUBLE (Flyball, 89XD, EV 96.9 MPH)
Batting: LHB Sid Bream 0-0: Intentional Walk
Batting: RHB Joe Carter 0-0: Called Strike
Gerry Davis steals 3rd base
Sid Bream to second
0-1: Foul Ball, location: 2F
0-2: Fly out, F8 (Flyball, 8LXD, EV 85.0 MPH)
Runner from 3rd tags up, SCORES, no throw by CF
Batting: RHB Tom Brookens 0-0: Ball
1-0: Ball
2-0: SINGLE (Groundball, 56D, EV 95.0 MPH)
Sid Bream to third
Runner from 3rd tries for Home, SAFE, throw by LF to home
Pitching: LHP Austin Martinelli
Batting: RHB Jerry Dybzinski 0-0: Ball
1-0: Ball
2-0: Foul Ball, location: 2F
2-1: Foul Ball, location: 2F
2-2: Fly out, F6 (Popup, 6, EV 58.1 MPH)
Top of the 8th over - 2 runs, 2 hits, 0 errors, 1 left on base; Rochester 5 - Tidewater 3
BOTTOM OF THE 8TH
Tidewater Tides batting - Pitching for Rochester Red Wings : RHP Mike Moore
Now at 1B: Dave Falcone
Batting: RHB Anthony Lachowetz 0-0: Foul Ball, location: 2F
0-1: Ball
1-1: Ball
2-1: Swinging Strike
2-2: Foul Ball, location: 2F
2-2: Reached on error, E3 (Groundball, 3S, EV 73.8 MPH)
Batting: RHB German Rivera 0-0: Called Strike
0-1: Ball
1-1: SINGLE (Line Drive, 3, EV 66.9 MPH) (infield hit)
Anthony Lachowetz to second
Batting: RHB Brad Komminsk 0-0: Foul Ball, location: 2F
0-1: Fly out, F8 (Flyball, 8RXD, EV 109.4 MPH)
Runner from 2nd tags up, SAFE at 3rd, no throw by CF
Batting: LHB Dave Kable 0-0: Grounds into double play, 4-6-3 (Groundball, 4, EV 81.3 MPH)
Bottom of the 8th over - 0 runs, 1 hit, 1 error, 1 left on base; Rochester 5 - Tidewater 3
TOP OF THE 9TH
Rochester Red Wings batting - Pitching for Tidewater Tides : LHP Austin Martinelli
Batting: RHB Edwin Agudelo 0-0: Hit by Pitch
Batting: RHB Johnnie LeMaster 0-0: Ball
1-0: Ball
2-0: SINGLE (Line Drive, 9S, EV 92.5 MPH)
Edwin Agudelo to second
Runner from 2nd tries for 3rd, SAFE, no throw by RF
Batting: LHB Ed Amelung 0-0: SINGLE (Line Drive, 89S, EV 103.1 MPH)
Edwin Agudelo scores
Johnnie LeMaster to second
Runner from 2nd tries for 3rd, SAFE, throw by RF made to third
Batting: SHB Jordan Ayala 0-0: Called Strike
0-1: Called Strike
0-2: Ball
1-2: SINGLE (Line Drive, 7S, EV 98.8 MPH)
Johnnie LeMaster scores
Ed Amelung to second
Batting: RHB Gerry Davis 0-0: Foul Ball, location: 2F
0-1: Foul Ball, location: 2F
0-2: Foul Ball, location: 2F
0-2: Fly out, F8 (Line Drive, 8RD, EV 110.6 MPH)
Runner from 2nd tags up, SAFE at 3rd with throw by CF
Batting: LHB Dave Falcone 0-0: Ball
Jordan Ayala steals 2nd base (no throw)
1-0: Foul Ball, location: 2F
1-1: Foul Ball, location: 2F
1-2: Foul Ball, location: 2F
1-2: Fly out, F4 (Line Drive, 4, EV 68.8 MPH)
Batting: RHB Joe Carter 0-0: Intentional Walk
Batting: RHB Tom Brookens 0-0: Ball
1-0: Fielders Choice at 2nd, 6-4 (Groundball, 6, EV 102.5 MPH)
Top of the 9th over - 2 runs, 3 hits, 0 errors, 3 left on base; Rochester 7 - Tidewater 3
BOTTOM OF THE 9TH
Tidewater Tides batting - Pitching for Rochester Red Wings : RHP Mike Moore
Batting: RHB Mike Rex 0-0: Ground out U3 (Groundball, 3, EV 110.6 MPH)
Batting: RHB George Gomez 0-0: Ball
1-0: Ball
2-0: Ball
3-0: SINGLE (Flyball, 34D, EV 86.9 MPH)
Batting: RHB Thomas Walker 0-0: Foul Ball, location: 2F
0-1: Foul Ball, location: 2F
0-2: Strikes out swinging
Batting: SHB Julio Valdez 0-0: Called Strike
0-1: Ball
1-1: Foul Ball, location: 2F
1-2: SINGLE (Groundball, 34D, EV 100.0 MPH)
George Gomez to second
Batting: RHB Steve Liddle 0-0: Ball
1-0: Ball
2-0: Called Strike
2-1: Foul Ball, location: 2F
2-2: Reached on error, E5 (Groundball, 56S, EV 70.0 MPH)
George Gomez to third
Julio Valdez to second
Pitching: LHP Ray Searage
Batting: RHB Anthony Lachowetz 0-0: Ball
1-0: Ball
2-0: Foul Ball, location: 2F
2-1: Ball
3-1: DOUBLE (Line Drive, 7LS, EV 88.8 MPH)
George Gomez scores
Julio Valdez scores
Steve Liddle to third
Batting: RHB German Rivera 0-0: Called Strike
0-1: Ground out 4-3 (Groundball, 34D, EV 93.1 MPH)
Bottom of the 9th over - 2 runs, 3 hits, 1 error, 2 left on base; Rochester 7 - Tidewater 5
Friday, August 21st, 2020 - OOTP Baseball 21.5 Build 76